 Dungeon Crawl Stone Soup version 0.19.1-1-g22dce08 (webtiles) character file.

268 Alarkh the Conjurer (level 6, -9/41 HPs)
             Began as a Mummy Conjurer on Jan 16, 2017.
             Mangled by an ogre
             ... wielding a +0 giant club
              (24 damage)
             ... on level 4 of the Dungeon.
             The game lasted 00:05:49 (4128 turns).

Alarkh the Conjurer (Mummy Conjurer)                Turns: 4128, Time: 00:05:49

Health: -9/41      AC:  3    Str: 11    XL:     6   Next: 1%
Magic:  2/12       EV: 11    Int: 17    God:
Gold:   224        SH:  0    Dex: 12    Spells: 4 memorised, 1 level left

rFire  x . .     SeeInvis .     a - +4 hand axe (freeze)
rCold  + . .     Gourm    .     k - -1 leather armour (curse)
rNeg   + + +     Faith    .     (no shield)
rPois  ∞         Spirit   .     (no helmet)
rElec  .         Reflect  .     (no cloak)
rCorr  .         Harm     .     i - +0 pair of gloves
MR     .....                    (no boots)
Stlth  +.........               (no amulet)
                                (no ring)
                                (no ring)

@: very slightly contaminated
A: no food or potions, fire vulnerability, cold resistance 1, negative energy
resistance 3, torment resistance, unbreathing
a: no special abilities


You were on level 4 of the Dungeon.
You were not hungry.

You visited 1 branch of the dungeon, and saw 4 of its levels.

You collected 224 gold pieces.

Inventory:

Hand Weapons
 a - a +4 hand axe of freezing (weapon)
Armour
 c - a +1 robe
 i - a +0 pair of gloves (worn)
 k - a cursed -1 leather armour (worn)
Scrolls
 d - a scroll of remove curse
 e - a scroll of identify
 f - a scroll of random uselessness {unknown}
 g - 2 scrolls of noise
 h - 4 scrolls of teleportation
 j - 2 scrolls of amnesia {unknown}
 l - a scroll of immolation {unknown}
Books
 b - a book of Conjurations

   Spells                             Type                      Level
   a - Magic Dart                     Conjuration                  1
   b - Searing Ray                    Conjuration                  2
   c - Dazzling Spray                 Conjuration/Hexes            3
   d - Fulminant Prism                Conjuration/Hexes            4
   e - Iskenderun's Mystic Blast      Conjuration                  4
   f - Iskenderun's Battlesphere      Conjuration/Charms           5


   Skills:
 - Level 1.5 Dodging
 - Level 1.5 Stealth
 + Level 4.0 Spellcasting
 + Level 4.8 Conjurations
 + Level 1.2 Charms


You had one spell level left.
You knew the following spells:

 Your Spells              Type           Power        Failure   Level  Hunger
a - Magic Dart            Conj           ###.         3%          1    N/A
b - Searing Ray           Conj           ###...       6%          2    N/A
c - Iskenderun's Battles  Conj/Chrm      ##......     98%         5    N/A
d - Iskenderun's Mystic   Conj           ###.....     34%         4    N/A

Dungeon Overview and Level Annotations

Branches:
Dungeon (4/15)
 Temple: D:4-7

Altars:
Vehumet

Annotations:
D:3 Joat's ghost, amateur DrMo


Innate Abilities, Weirdness & Mutations

You do not eat or drink.
Your flesh is vulnerable to fire.
You are immune to poison.
Your flesh is cold resistant. (rC+)
You are immune to negative energy. (rN+++)
You are immune to unholy pain and torment.
You can survive without breathing.


Message History

Casting: Searing Ray
Confirm with . or Enter, or press ? or * to list all spells.
Aiming: Searing Ray
Press: ? - help, Shift-Dir - straight line, f/p - ogre
Aim: an ogre, wielding a giant club The searing ray hits the ogre.
The ogre is lightly wounded.
The searing ray hits the ogre.
The ogre is moderately wounded.
The ogre barely misses you.
The searing ray hits the ogre.
The ogre is heavily wounded.
The orc hits you from afar with a trident.
The ogre hits you with a giant club!
The searing ray hits the ogre.
The ogre is almost dead.
You finish channeling your searing ray.
The orc misses you. The ogre hits you with a giant club!!
Ouch! That really hurt!
You die...

####.# #)## .....# # .o#
..##### #. #.## .#
#.........#.###..#####..#
###### #......#.).....#
###..#.##...####
##.#.##o#.# #.#.##O# O. #
#.#.#@.# .# # #.....## #
######## ##....#
.......######..#)#
.#####)........#.###
..#####..........†.#
#>..#....####.###.o...
##.#.#### #..#####..
#.#.# ##..##


You could see an ogre and an orc.

Vanquished Creatures
  A scorpion (D:4)
  A bullfrog skeleton (D:4)
  A worker ant (D:4)
  8 adders
  4 worms
  A dart slug (D:1)
  3 leopard geckos
  7 orcs
  12 bats
  2 goblins
  8 hobgoblins
  10 jackals
  7 kobolds
  2 quokkas
  A ball python (D:1)
  5 frilled lizards
  4 rats
77 creatures vanquished.

Notes
Turn   | Place    | Note
-------+----------+-------------------------------------------
     0 | D:1      | Alarkh the Mummy Conjurer began the quest for the Orb.
     0 | D:1      | Reached XP level 1. HP: 13/13 MP: 3/3
   312 | D:2      | Reached XP level 2. HP: 2/19 MP: 0/5
  1417 | D:2      | Reached XP level 3. HP: 24/24 MP: 6/6
  1421 | D:2      | Learned a level 2 spell: Searing Ray
  1771 | D:2      | Found a radiant altar of Vehumet.
  2002 | D:2      | Reached XP level 4. HP: 12/30 MP: 2/8
  3104 | D:3      | Noticed Joat's ghost (amateur DrMo)
  3111 | D:3      | Reached XP level 5. HP: 35/35 MP: 6/10
  3171 | D:2      | Learned a level 5 spell: Iskenderun's Battlesphere
  3584 | D:4      | Reached skill level 1 in Charms
  4107 | D:4      | Reached XP level 6. HP: 41/41 MP: 7/12
  4113 | D:4      | Learned a level 4 spell: Iskenderun's Mystic Blast
  4128 | D:4      | Mangled by an ogre

Skill      XL: |  1  2  3  4  5 |
---------------+----------------+-----
Conjurations   | 4 |  4.8
Spellcasting   | 3 4 |  4.0
Charms         | 1 |  1.2
Dodging        | |  1.5
Stealth        | |  1.5

Action                   |  1- 3 |  4- 6 || total
-------------------------+-------+-------++-------
Melee: Unarmed           |     3 |       ||     3
       Hand axe          |    42 |    73 ||   115
 Cast: Magic Dart        |    63 |    79 ||   142
       Searing Ray       |     1 |     3 ||     4
  Use: Scroll            |     3 |     5 ||     8
 Stab: Sleeping          |     3 |     2 ||     5
Armor: Robe              |    23 |    28 ||    51
       Leather armour    |       |     8 ||     8
Dodge: Dodged            |    56 |    80 ||   136
